 Dungeon Crawl Stone Soup version 0.15-a0-39-g424acf8 (webtiles) character file.

969 Qrupt the Cutter (level 8, -11/76 HPs)
             Began as a Halfling Fighter on Apr 3, 2014.
             Was an Initiate of Okawaru.
             Mangled by a manticore (13 damage)
             ... on Level 5 of the Dungeon.
             The game lasted 00:15:53 (6057 turns).

Qrupt the Cutter (Halfling Fighter)                 Turns: 6057, Time: 00:15:53

HP -11/76        AC 24     Str 15      XL: 8   Next: 12%
MP   8/8         EV  1     Int  8      God: Okawaru [......]
Gold 177         SH  4     Dex 16      Spells:  0 memorised,  7 levels left

rFire  . . .     SeeInvis .     a - +0 cutlass
rCold  . . .     Clarity  +     b - melded +0 scale mail
rNeg   + + +     Conserve .     c - +0 buckler
rPois  +         rCorr    .     (no helmet)
rElec  .         rRot     .     (cloak currently unavailable)
SustAb . .       Spirit   .     (gloves currently unavailable)
rMut   .         Warding  .     (boots currently unavailable)
Saprov . . .     NoTele   +     f - amulet of clarity
MR     .....                    (no ring)
                                (no ring)

@: tree-form, not resistant to hostile enchantments, unstealthy
A: mutation resistance 1, slow metabolism 1
a: Renounce Religion


You were on level 5 of the Dungeon.
You worshipped Okawaru.
Okawaru was noncommittal.
You were not hungry.
You were an animated tree.
You visited 1 branch of the dungeon, and saw 5 of its levels.
You also visited: Ossuary.

You collected 177 gold pieces.

Inventory:

Hand weapons
 a - a +0,+0 cutlass (weapon)
Armour
 b - a +0 scale mail (melded)
 c - a +0 buckler (worn)
Comestibles
 d - a bread ration
 k - a meat ration
 s - a pear
Scrolls
 h - a scroll of enchant weapon II {unknown}
 i - 2 scrolls of identify
 m - 2 scrolls of noise {unknown}
 n - 2 scrolls of random uselessness {unknown}
 o - a scroll of enchant armour {unknown}
 p - 4 scrolls of remove curse
 w - a scroll of blinking {unknown}
 x - 2 scrolls of recharging {unknown}
Jewellery
 f - an amulet of clarity (around neck)
Potions
 j - 2 potions of invisibility {unknown}
 l - a potion of paralysis {unknown}
 q - a potion of agility
 t - 2 potions of restore abilities
 u - 2 potions of heal wounds
 v - a potion of cure mutation {unknown}
 z - a potion of magic {unknown}
Books
 r - a book of Transfigurations

   Spells                             Type                      Level
   Stoneskin                          Transmutation/Earth          2
   Ice Form                           Ice/Transmutation            4
   Statue Form                        Transmutation/Earth          6
   Dragon Form                        Transmutation                7


   Skills:
 - Level 2.6 Fighting
 + Level 7.6 Short Blades
 - Level 2.4 Armour
 + Level 6.2 Dodging
 - Level 5.2 Shields


You had 7 spell levels left.
You didn't know any spells.

Dungeon Overview and Level Annotations

Branches:
Dungeon (5/15)
 Temple: D:4-7

Altars:
Okawaru

Shops:
D:4 :


Innate Abilities, Weirdness & Mutations

You are small and have problems with some larger weapons.
You are somewhat resistant to further mutation.
You have a slow metabolism.


Message History

* * * LOW HITPOINT WARNING * * *
The manticore claws you but does no damage. x2
It'd take too long for a potion to reach your roots.
You hit the manticore.
The manticore is heavily wounded.
You hit the manticore but do no damage.
The manticore is heavily wounded.
You feel a little less agile now.
The manticore bites you but does no damage.
The manticore claws you.
* * * LOW HITPOINT WARNING * * *
The manticore claws you but does no damage.
You hit the manticore but do no damage.
The manticore is heavily wounded.
The manticore bites you but does no damage.
The manticore claws you but does no damage. x2
You barely miss the manticore.
The manticore is heavily wounded.
The manticore bites you!
You die...

....#..##.#.###.###
................... ..
.........<####.## #.
...#.......#
#.###.#.###...##
#...(.#........##
..#....)#......#.
#.###$#.###)#.###.....
#..)..#♣.(..#........#
#..H..#.....#......
#.###.#.###.# ###. #
..#.. .# #l....# ..
#.###.# ### #. .# oo
.. .


You could see a manticore.

Vanquished Creatures
  A sky beast (D:5)
  The ghost of casual the Changer, an average OpTm (D:3)
  4 water moccasin zombies (Ossuary)
  A hound (D:4)
  A worker ant (D:4)
  Terence (D:2)
  2 mummies (Ossuary)
  9 adders
  8 gnolls
  An inept item mimic (D:4)
  2 worms (D:3)
  5 adder zombies (Ossuary)
  An adder skeleton (D:4)
  2 giant geckos
  9 orcs
  5 giant cockroaches
  3 gnoll zombies (Ossuary)
  11 goblins
  13 hobgoblins
  5 kobolds
  An ooze (D:1)
  2 quokkas (D:5)
  2 ball pythons
  6 bats
  2 giant newts
  4 hobgoblin zombies (Ossuary)
  4 jackals
  6 kobold zombies (Ossuary)
  12 orc zombies (Ossuary)
  5 rats
  A rat zombie (D:4)
130 creatures vanquished.

Notes
Turn   | Place    | Note
--------------------------------------------------------------
     0 | D:1      | Qrupt, the Halfling Fighter, began the quest for the Orb.
     0 | D:1      | Reached XP level 1. HP: 15/15 MP: 1/1
   394 | D:1      | Reached XP level 2. HP: 14/20 MP: 2/2
   574 | D:1      | Reached skill level 1 in Dodging
   798 | D:1      | Reached XP level 3. HP: 25/25 MP: 3/3
  1027 | D:2      | Noticed Terence
  1041 | D:2      | Killed Terence
  1041 | D:2      | Reached skill level 4 in Shields
  1647 | D:2      | Reached XP level 4. HP: 30/30 MP: 4/4
  2108 | D:3      | Noticed casual's ghost (average OpTm)
  2167 | D:3      | Killed casual's ghost
  2167 | D:3      | Reached XP level 5. HP: 8/35 MP: 5/5
  2807 | D:3      | Found an iron altar of Okawaru.
  2822 | D:3      | Became a worshipper of Warmaster Okawaru
  2969 | D:4      | Reached skill level 5 in Shields
  2969 | D:4      | Reached XP level 6. HP: 25/41 MP: 6/6
  3075 | D:4      | Found a sand-covered staircase.
  3089 | Ossuary  | Entered an ossuary
  3226 | Ossuary  | Reached skill level 5 in Short Blades
  3569 | Ossuary  | Reached XP level 7. HP: 32/45 MP: 7/7
  3574 | Ossuary  | Reached skill level 6 in Short Blades
  3858 | D:4      | Reached skill level 5 in Dodging
  4926 | D:4      | Found Ybuhiob's Book Shop.
  5160 | D:4      | Reached skill level 7 in Short Blades
  5667 | D:5      | Entered Level 5 of the Dungeon
  6003 | D:5      | Noticed a manticore
  6039 | D:5      | Reached XP level 8. HP: 39/51 MP: 8/8
  6052 | D:5      | HP: 3/76 [manticore (6)]
  6055 | D:5      | HP: 1/76 [manticore (1)]
  6057 | D:5      | Mangled by a manticore

Action                   |  1- 3 |  4- 6 |  7- 9 || total
-------------------------+-------+-------+-------++-------
Melee: Cutlass           |   115 |   268 |   328 ||   711
  Use: Scroll            |     3 |       |     2 ||     5
       Potion            |     1 |     2 |     8 ||    11
